 Seeded DCSS version 0.28.0-1-gb440e238dd (webtiles) character file.

Game seed: 666 (custom seed)

3871 lonewolfV2 the Cleaver (level 10, -2/86 (88) HPs)
             Began as a Hill Orc Fighter on Feb 20, 2022.
             Was a Follower of Beogh.
             Killed by vampiric draining
             ... invoked by a vampire
              (6 damage)
             ... on level 8 of the Dungeon.
             The game lasted 00:09:47 (9106 turns).

lonewolfV2 the Cleaver (Hill Orc Fighter)           Turns: 9106, Time: 00:09:47

HP:   -2/86 (88)    AC: 10    Str: 24    XL:     10   Next: 19%
MP:   10/10         EV: 12    Int: 12    God:    Beogh [*.....]
Gold: 290           SH:  8    Dex: 16    Spells: 9/9 levels left

rFire   . . .      SeeInvis .   a - +0 war axe (vorpal)
rCold   . . .      Faith    .   c - +2 buckler
rNeg    + . .      Spirit   .   g - +4 ring mail of Lifelessness {Int+4}
rPois   .          Reflect  .   (no helmet)
rElec   .          Harm     .   (no cloak)
rCorr   .          Rampage  .   (no gloves)
Will    .....                   (no boots)
Stlth   +.........              (no amulet)
HPRegen 0.24/turn               f - ring of positive energy
MPRegen 0.12/turn               h - +6 ring of dexterity

@: mighty, attractive, lightly drained
A: no striking features
a: Renounce Religion


You were on level 8 of the Dungeon.
You worshipped Beogh.
Beogh was aware of your devotion.
You visited 1 branch of the dungeon, and saw 8 of its levels.

You collected 290 gold pieces.

Inventory:

Hand Weapons
 a - a +0 vorpal war axe (weapon)
Armour
 b - a +0 scale mail
 c - a +2 buckler (worn)
 g - the +4 ring mail of Lifelessness (worn) {Int+4}
   (You found it on level 2 of the Dungeon)

   Int:       It affects your intelligence (+4).
Jewellery
 f - a ring of positive energy (left hand)
 h - a +6 ring of dexterity (right hand)
 i - a ring of willpower
Wands
 j - a wand of digging (14)
 n - a wand of polymorph (8)
 q - a wand of flame (33)
Scrolls
 m - 3 scrolls of teleportation
 o - a scroll of fear
 t - a scroll of summoning
 u - a scroll of magic mapping
 v - a scroll of enchant armour
Potions
 d - 2 potions of might
 e - a potion of lignification
 k - a potion of attraction
 p - a potion of mutation {unknown}
 r - a potion of flight {unknown}
 s - a potion of haste {unknown}


   Skills:
 + Level 8.0 Fighting
 + Level 12.7 Axes
 + Level 7.2 Armour
 + Level 3.3 Dodging
 + Level 1.3 Stealth
 + Level 6.0 Shields
 + Level 0.3 Unarmed Combat


You had 9 spell levels left.
You didn't know any spells.
Your spell library contained the following spells:

 Spells                   Type           Power      Damage    Failure   Level
 Magic Dart               Conj           0%         1d3       52%         1
 Call Imp                 Summ           0%         N/A       67%         2
 Frozen Ramparts          Ice            0%         1d2       88%         3
 Mephitic Cloud           Conj/Pois/Air  0%         N/A       88%         3
 Tukima's Dance           Hex            0%         N/A       88%         3
 Anguish                  Hex/Necr       0%         N/A       99%         4
 Ice Form                 Ice/Tmut       0%         N/A       99%         4
 Summon Ice Beast         Ice/Summ       0%         N/A       99%         4
 Enfeeble                 Hex            0%         N/A       100%        7


Dungeon Overview and Level Annotations

Branches:
Dungeon (8/15)             Temple (0/1) D:4
   Lair: D:8-11

Altars:
Fedhas
Okawaru
Ru
The Shining One


Message History

You barely miss the vampire.
The vampire is almost destroyed.
You block the vampire's attack.
The vampire bites you but does no damage.
You closely miss the vampire.
The vampire is almost destroyed.
The vampire barely misses you. The vampire closely misses you.
You hit the vampire.
The vampire is almost destroyed.
The vampire gestures at you while chanting.
You are confused.
The vampire gestures wildly while chanting.
The vampire flickers and vanishes!
Deactivating autopickup; reactivate with Ctrl-A.
You hear some strange, mumbled words.
Something tries to affect you, but you resist.
It was a potion of attraction.
You feel attractive to monsters. Something is attracted toward you.
You feel better.
You closely miss something. Something draws life force from you!
You completely miss something. Something draws life force from you!
* * * LOW HITPOINT WARNING * * *
You closely miss something. Something hits you.
* * * LOW HITPOINT WARNING * * *
Something bites you but does no damage.
You hit something. Something hits you!
* * * LOW HITPOINT WARNING * * *
Something bites you!
* * * LOW HITPOINT WARNING * * *
Something draws strength from your injuries!
You hit something. Something barely misses you. x2
You feel better. Something draws life force from you!
* * * LOW HITPOINT WARNING * * *
You feel very mighty all of a sudden. Something hits you.
* * * LOW HITPOINT WARNING * * *
Something barely misses you.
You hit something. Something draws life force from you.
You die...

# ######## ### ######
........ ..# ####.....#
##########.# #........#
........##.# #........#
........##.# #........#
........##.######......#
........').......>.....#
........##.####.@{.....#
........##.# #........#
........##.# #........#
###........# #.$....##..
########## #......# ##
####### #......# #.....#
#.....(# #.....#
.##..### ......#


There were no monsters in sight!

Vanquished Creatures
  A two-headed ogre (D:7)
  Maurice (D:7)
  Sigmund (D:4)
  A steam dragon (D:7)
  Edmund (D:5)
  2 sky beasts
  2 black bears (D:6)
  4 ogres
  2 phantoms
  2 kobold brigands
  3 bullfrogs
  A gnoll sergeant (D:4)
  A water moccasin zombie (D:6)
  3 scorpions
  8 wights
  A centaur skeleton (D:6)
  4 hounds
  2 jellies
  A gnoll shaman (D:5)
  4 orc priests (D:7)
  Ijyb (D:4)
  2 iguanas
  2 orc wizards
  A hound skeleton (D:4)
  9 gnolls
  5 adders
  A worm (D:5)
  2 dart slugs
  14 orcs
  An endoplasm (D:1)
  3 giant cockroaches
  3 goblins
  8 hobgoblins
  3 jackals (D:1)
  16 kobolds
  2 quokkas
  10 ball pythons
  4 bats
  2 frilled lizards (D:1)
  4 rats
138 creatures vanquished.

Vanquished Creatures (collateral kills)
  A worm (D:3)
1 creature vanquished.

Vanquished Creatures (others)
  An orc priest (D:6)
1 creature vanquished.

Grand Total: 140 creatures vanquished

Notes
Turn   | Place    | Note
-------+----------+-------------------------------------------
     0 | D:1      | lonewolfV2 the Hill Orc Fighter began the quest for the
                  | Orb.
     0 | D:1      | Reached XP level 1. HP: 19/19 MP: 1/1
   139 | D:1      | Reached XP level 2. HP: 11/27 MP: 2/2
   502 | D:1      | Reached XP level 3. HP: 33/33 MP: 3/3
   640 | D:1      | Reached skill level 3 in Axes
  1255 | D:2      | Found a blossoming altar of Fedhas.
  1293 | D:2      | Noticed a phantom
  1314 | D:2      | Killed a phantom
  1315 | D:2      | Reached skill level 4 in Axes
  1315 | D:2      | Reached XP level 4. HP: 7/40 MP: 4/4
  1315 | D:2      | Reached XP level 5. HP: 8/46 MP: 5/5
  1649 | D:2      | Identified the +4 ring mail of Lifelessness {Int+4}
  2639 | D:3      | Reached skill level 1 in Dodging
  2882 | D:4      | Found a staircase to the Ecumenical Temple.
  2916 | D:4      | Reached skill level 5 in Axes
  2962 | D:4      | Noticed Ijyb
  2971 | D:4      | Killed Ijyb
  3038 | D:4      | Reached XP level 6. HP: 51/53 MP: 6/6
  3113 | D:4      | Noticed Sigmund
  3127 | D:4      | Killed Sigmund
  3128 | D:4      | Reached skill level 6 in Axes
  3159 | D:4      | Reached skill level 5 in Armour
  3247 | D:4      | Reached XP level 7. HP: 59/60 MP: 7/7
  3793 | D:5      | Entered Level 5 of the Dungeon
  4028 | D:4      | Reached skill level 5 in Fighting
  4028 | D:4      | Reached skill level 7 in Axes
  4547 | D:5      | Reached XP level 8. HP: 52/68 MP: 8/8
  4798 | D:5      | Found a glowing golden altar of the Shining One.
  4802 | D:5      | Found a sacrificial altar of Ru.
  4804 | D:5      | Found an iron altar of Okawaru.
  4932 | D:5      | Reached skill level 8 in Axes
  5389 | D:5      | Noticed Edmund
  5406 | D:5      | Killed Edmund
  5420 | D:5      | Reached skill level 9 in Axes
  5712 | D:6      | Reached skill level 5 in Shields
  5834 | D:6      | Became a worshipper of Beogh the Brigand
  5853 | D:6      | Reached XP level 9. HP: 70/75 MP: 9/9
  5946 | D:6      | Reached skill level 10 in Axes
  5946 | D:6      | Reached skill level 1 in Stealth
  6922 | D:7      | Noticed a two-headed ogre
  6934 | D:7      | Killed a two-headed ogre
  6935 | D:7      | Reached skill level 11 in Axes
  7902 | D:7      | Reached * piety under Beogh
  7903 | D:7      | Reached skill level 12 in Axes
  8328 | D:8      | Noticed Maurice
  8363 | D:7      | Killed Maurice
  8364 | D:7      | Reached XP level 10. HP: 41/88 MP: 10/10
  9102 | D:8      | HP: 2/86 [something (8)]
  9106 | D:8      | Killed from afar by a vampire

Illustrated notes

Levels and vault maps discovered:
D:1:      eino_arrival_cavern_d, layout_loops_corners, serial_rivers,
          chequers_serial_rivers_marsh, chequers_serial_rivers_marsh,
          chequers_serial_rivers_micro_c, chequers_serial_rivers_micro_e,
          chequers_serial_rivers_micro_c, chequers_serial_rivers_room_a,
          minmay_misc_feat_encased
D:2:      layout_basic, basic_altar
D:3:      layout_basic
D:4:      layout_loops_ring, minmay_temple_entry_waves, minmay_pentomino_pile,
          uniq_ijyb, uniq_sigmund
D:5:      layout_basic, minitemple, grunt_decor_resistance, uniq_edmund
D:6:      layout_rooms
D:7:      layout_basic
D:8:      minmay_the_grid_triangle_9x9_recursive_2
          [minmay_the_grid_triangle_9x9_prize_insulated,
          minmay_the_grid_triangle_9x9_negative_grid,
          minmay_the_grid_triangle_9x9_stretched_checkered,
          minmay_the_grid_triangle_9x9_zippers_horizontal], layout_basic,
          mainiacjoe_overflow_24_doors, uniq_maurice

Skill      XL: |  1  2  3  4  5  6  7  8  9 10 |
---------------+-------------------------------+-----
Armour         | 4 5 6 7 |  7.2
Fighting       | 4 5 6 7 8 |  8.0
Axes           | 4 5 6 7 9 12 | 12.7
Dodging        | 1 2 3 |  3.3
Shields        | 4 5 6 |  6.0
Stealth        | 1 |  1.3
Unarmed Combat | |  0.3

Action                   |  1- 3 |  4- 6 |  7- 9 | 10-12 || total
-------------------------+-------+-------+-------+-------++-------
Melee: War axe           |   127 |    90 |   270 |    51 ||   538
       Unarmed           |       |       |    10 |       ||    10
Invok: Convert to Beogh  |       |       |     1 |       ||     1
  Use: Scroll            |     5 |     7 |     5 |     1 ||    18
       Potion            |       |       |     3 |     4 ||     7
 Stab: Confused          |       |       |     1 |       ||     1
Armor: Scale mail        |    84 |     2 |       |       ||    86
       Ring mail         |       |    30 |   108 |     6 ||   144
       Skin              |       |       |     5 |       ||     5
Dodge: Dodged            |    79 |    40 |   146 |    16 ||   281
Block: Buckler           |    31 |    28 |    89 |    12 ||   160
